 Dungeon Crawl Stone Soup version 0.28-a0-1080-g05a166d0ed (webtiles) character file.

Game seed: 13827541356755763289

2496 ytrimaz the Insei (level 9, -7/73 HPs)
             Began as an Octopode Transmuter on Dec 10, 2021.
             Was an Initiate of Ashenzari.
             Mangled by a two-headed ogre (27 damage)
             ... on level 6 of the Dungeon.
             The game lasted 00:09:18 (7780 turns).

ytrimaz the Insei (Octopode Transmuter)             Turns: 7780, Time: 00:09:18

Health: -7/73      AC:  7    Str: 10    XL:     9   Next: 52%
Magic:  18/18      EV: 10    Int: 19    God:    Ashenzari [......]
Gold:   188        SH:  0    Dex: 12    Spells: 11/20 levels left

rFire   . . .      SeeInvis .     - Unarmed
rCold   + + +      Faith    .   (shield currently unavailable)
rNeg    . . .      Spirit   .   (helmet currently unavailable)
rPois   +          Reflect  .   g - amulet of magic regeneration
rElec   .          Harm     .   e - ring of wizardry
rCorr   .          Rampage  .   b - ring of poison resistance
Will    +....                   n - ring of willpower
Stlth   +.........              m - ring of the Revealing Chagrin {rPois, Evo, Melee} (curse)
HPRegen 0.22/turn               p - ring of protection from fire
MPRegen 0.56/turn               (no ring)
                                (no ring)
                                (no ring)

@: about to teleport, ice-form
A: freezing attack, boosted hp, almost no armour, amphibious, 8 rings, large,
(camouflage 1), (gelatinous body 1), (nimble swimmer 1), (tentacles)
a: End Transformation, Renounce Religion, Curse Item, Shatter the Chains


You were on level 6 of the Dungeon.
You worshipped Ashenzari.
Ashenzari was noncommittal.
You were a creature of crystalline ice.
You visited 2 branches of the dungeon, and saw 7 of its levels.

You collected 188 gold pieces.

Inventory:

Jewellery
 b - a ring of poison resistance (right front paw)
 e - a ring of wizardry (left front paw)
 g - an amulet of magic regeneration (around neck)
 m - the cursed ring of the Revealing Chagrin (on tentacle) {rPois, Evo, Melee}
   (You found it on level 4 of the Dungeon)

   [ring of poison resistance]

   rPois:     It protects you from poison.
   It has a curse which improves the following skills: Evocations: Evocations.
   Melee Combat: Short Blades, Long Blades, Axes, Maces & Flails, Polearms,
   Staves and Unarmed Combat.
 n - a ring of willpower (on tentacle)
 p - a ring of protection from fire (on tentacle)
Wands
 i - a wand of mindburst (27)
 j - a wand of flame (16)
 l - a wand of charming (11)
Scrolls
 d - 3 scrolls of teleportation
 f - a scroll of blinking
 v - a scroll of magic mapping
Potions
 a - a potion of mutation
 c - a potion of curing
 h - 5 potions of magic
 k - 3 potions of ambrosia
 o - a potion of brilliance {unknown}
 r - a potion of haste {unknown}
 t - a potion of heal wounds {unknown}


   Skills:
 * Level 5.0 Fighting
 - Level 2.0 Dodging
 + Level 7.6(8.2) Unarmed Combat
 * Level 6.4 Spellcasting
 * Level 6.2 Transmutations
 - Level 1.1 Ice Magic
 - Level 0.8 Poison Magic


You had 11 spell levels left.
You knew the following spells:

 Your Spells              Type           Power      Damage    Failure   Level
b - Wereblood             Tmut           29%        N/A       1%          2
c - Spider Form           Tmut/Pois      19%        N/A       3%          3
d - Ice Form              Ice/Tmut       20%        N/A       10%         4

Your spell library contained the following spells:

 Spells                   Type           Power      Damage    Failure   Level
 Beastly Appendage        Tmut           58%        N/A       1%          1
 Call Canine Familiar     Summ           6%         N/A       13%         3
 Portal Projectile        Hex/Tloc       12%        N/A       13%         3
 Animate Dead             Necr           3%         N/A       38%         4
 Leda's Liquefaction      Hex/Erth       3%         N/A       38%         4
 Borgnjor's Vile Clutch   Necr/Erth      3%         N/A       71%         5
 Death Channel            Necr           3%         N/A       99%         6


Dungeon Overview and Level Annotations

Branches:
Dungeon (6/15)             Temple (1/1) D:5

Altars:
Ashenzari
Cheibriados
Elyvilon
Gozag
Hepliaklqana
Kikubaaqudgha
Makhleb
Nemelex Xobeh
Okawaru
Qazlal
Ru
Uskayaw
Vehumet
Xom
Yredelemnul
Zin

Shops:
D:4 [=([

Annotations:
D:4 1 runed translucent door, ytrimaz's ghost, amateur DrTm


Innate Abilities, Weirdness & Mutations

You are a creature of crystalline ice.
You have a powerful freezing melee attack.
Your maximum health is increased.
Your armour is entirely melded.
You are incapable of wielding weapons or throwing items.
You cannot wear most types of armour.
You are amphibious.
You can wear up to eight rings at the same time.
((Your skin changes colour to match your surroundings (Stealth+).))
((Your rubbery body absorbs attacks. (AC +1, EV +1)))
((You are camouflaged near water. (Stealth+)))
((You have tentacles for arms and can constrict up to eight enemies at once.))


Message History

A necrophage is nearby!
You turn into a creature of crystalline ice.
The necrophage hits you.
You pummel the necrophage!! You freeze the necrophage.
The necrophage is severely damaged.
The necrophage hits you.
You feel drained.
You punch the necrophage!
The necrophage is almost destroyed.
The necrophage hits you but does no damage.
You punch the necrophage!
You destroy the necrophage!
Your life force feels restored.
Your Fighting skill increases to level 5!
Your transformation is almost over.
Key pressed, stopping explore.
You warm up again.
A two-headed ogre comes into view. It is wielding two +0 giant clubs.
You see here 17 gold pieces.
A two-headed ogre is nearby!
A two-headed ogre is nearby!
You turn into a creature of crystalline ice.
The two-headed ogre shouts in stereo!
Found a scroll of magic mapping.
You hit the two-headed ogre. You freeze the two-headed ogre.
The two-headed ogre is lightly wounded.
The two-headed ogre hits you with a +0 giant club!!
The two-headed ogre hits you with a +0 giant club!
You hit the two-headed ogre. You freeze the two-headed ogre.
The two-headed ogre is moderately wounded.
You punch the two-headed ogre! You freeze the two-headed ogre.
The two-headed ogre is heavily wounded.
The two-headed ogre hits you with a +0 giant club!!
* * * LOW HITPOINT WARNING * * *
The two-headed ogre barely misses you.
Unknown command.
The two-headed ogre misses you. The two-headed ogre closely misses you.
As you read the scroll of teleportation, it crumbles to dust.
You feel strangely unstable.
The two-headed ogre hits you with a +0 giant club!!
You die...

##### #...#
##########.#.########
...........#..#.#O#$##
#.##########.###Y#...#
#.# #..#.####.# #.#
#.###.#...# #.#
#..#.##?#.# #<#
#.#.#####.# #.#
#.###...#.# #.##
#..#..#...#
...##########...###.##
.#......... ##### ###


You could see a two-headed ogre.

Vanquished Creatures
  Pikel (D:4)
  Sigmund (D:5)
  Eustachio (D:4)
  Edmund (D:6)
  A hornet zombie (D:6)
  A black bear (D:4)
  2 ogres
  2 necrophages (D:6)
  2 centaurs
  Blork the orc (D:5)
  A bullfrog (D:6)
  2 scorpions
  A water moccasin skeleton (D:6)
  4 wights (D:5)
  5 bullfrog zombies
  A centaur zombie (D:6)
  2 hounds (D:4)
  An orc priest (D:6)
  A bullfrog skeleton (D:5)
  A centaur skeleton (D:6)
  Terence (D:3)
  A killer bee zombie (D:6)
  5 adders
  3 ufetubi
  An adder skeleton (D:2)
  A worm (D:3)
  2 dart slugs (D:1)
  8 orcs
  5 endoplasms
  2 giant cockroaches
  6 goblins
  2 hobgoblins (D:1)
  A quokka (D:3)
  4 ball pythons
  4 bats
  4 kobolds
  4 rats
86 creatures vanquished.

Vanquished Creatures (others)
  12 fungi (D:4)
  3 withered plants (D:6)
15 creatures vanquished.

Grand Total: 101 creatures vanquished

Notes
Turn   | Place    | Note
-------+----------+-------------------------------------------
     0 | D:1      | ytrimaz the Octopode Transmuter began the quest for the
                  | Orb.
     0 | D:1      | Reached XP level 1. HP: 13/13 MP: 3/3
   301 | D:1      | You fall into a shaft and drop 1 floor!
   436 | D:2      | Reached XP level 2. HP: 14/18 MP: 3/5
   571 | D:2      | Learned a level 2 spell: Wereblood
   951 | D:1      | Reached XP level 3. HP: 13/23 MP: 6/6
   960 | D:1      | Learned a level 3 spell: Spider Form
  1357 | D:1      | Found a faded altar of an unknown god.
  2230 | D:3      | Found a broken altar of Ashenzari.
  2281 | D:3      | Became a worshipper of Ashenzari the Shackled
  2680 | D:3      | Noticed Terence
  2689 | D:3      | Killed Terence
  2690 | D:3      | Reached XP level 4. HP: 20/29 MP: 7/7
  3359 | D:4      | Noticed a black bear
  3390 | D:4      | Killed a black bear
  3391 | D:4      | Reached skill level 4 in Unarmed Combat
  3391 | D:4      | Reached XP level 5. HP: 24/35 MP: 9/9
  3527 | D:4      | Found Mexet's Jewellery Boutique.
  3607 | D:4      | Noticed a lemure
  3608 | D:4      | Noticed a lemure
  3617 | D:4      | Learned a level 4 spell: Ice Form
  3621 | D:4      | Noticed a lemure
  3623 | D:4      | Noticed Pikel
  3627 | D:4      | Noticed a lemure
  3645 | D:4      | Killed Pikel
  3646 | D:4      | Reached skill level 5 in Unarmed Combat
  3646 | D:4      | Reached XP level 6. HP: 24/42 MP: 9/12
  3646 | D:4      | Reached XP level 7. HP: 27/46 MP: 9/13
  3654 | D:4      | Found Kioniest's Armour Shoppe.
  3654 | D:4      | Found a burning altar of Makhleb.
  3797 | D:4      | Found Sonoufeq's Antique Weapon Shop.
  3838 | D:4      | Reached skill level 1 in Ice Magic
  3946 | D:4      | Found a runed translucent door.
  3978 | D:4      | Noticed Eustachio
  4342 | D:4      | Killed Eustachio
  4349 | D:4      | Found an opulent altar of Gozag.
  4382 | D:4      | Found a hazy altar of Hepliaklqana.
  4486 | D:4      | Reached XP level 8. HP: 52/52 MP: 10/15
  4547 | D:4      | Found Hutzur's Armour Shoppe.
  5352 | D:4      | Noticed ytrimaz's ghost (amateur DrTm)
  5388 | D:5      | Entered Level 5 of the Dungeon
  5445 | D:5      | Found a shimmering altar of Xom.
  5573 | D:5      | Reached skill level 5 in Spellcasting
  5785 | D:5      | Noticed Sigmund
  5790 | D:5      | Killed Sigmund
  5791 | D:5      | Reached skill level 6 in Unarmed Combat
  5791 | D:5      | Reached skill level 5 in Transmutations
  5866 | D:5      | Noticed Blork the orc
  5880 | D:5      | Killed Blork the orc
  6271 | D:5      | Found a sparkling altar of Nemelex Xobeh.
  6418 | D:5      | Found a staircase to the Ecumenical Temple.
  6503 | Temple   | Entered the Ecumenical Temple
  6720 | D:6      | Noticed Edmund
  6739 | D:6      | Killed Edmund
  6740 | D:6      | Reached XP level 9. HP: 41/59 MP: 16/18
  6936 | D:6      | Reached skill level 7 in Unarmed Combat
  7702 | D:6      | Reached skill level 5 in Fighting
  7747 | D:6      | Noticed a two-headed ogre
  7780 | D:6      | Mangled by a two-headed ogre

Illustrated notes

Levels and vault maps discovered:
D:1:      minmay_arrival_up_and_down, layout_basic,
          ebering_ecumenical_altar_hall, serial_corexii_hall,
          chequers_hall_statues_wall_a, chequers_hall_statues_wall_a,
          chequers_hall_statues_wall_a, chequers_hall_statues_corner_a
D:2:      layout_basic
D:3:      layout_basic, amcnicky_altar_gilded, uniq_terence
D:4:      layout_loops_ring, nzn_hepliaklqana_mist_gate,
          mainiacjoe_overflow_tiny_flanked, mainiacjoe_overflow_cross_hatched,
          ebering_ghost_reflecting_pool, serial_shops, kennysheep_mini_moat,
          shop, nicolae_shop_waterfront, shop, uniq_pikel, uniq_eustachio
D:5:      layout_loops_cross, nemelex_diamond_rough_becter,
          mainiacjoe_overflow_boulevard, lemuel_temple_firewalk_b,
          feat_on_display, uniq_sigmund, uniq_blork_the_orc
D:6:      layout_loops_ring, serial_undead, serial_undead_b, serial_undead_c,
          serial_undead_a, serial_undead_d, serial_undead_c, serial_undead_e,
          mrwooster_statue_mirror, chequers_serial_rivers_room_b,
          minmay_small_thing, uniq_edmund
Temple:   cyrus_temple_forest

Skill      XL: |  1  2  3  4  5  6  7  8  9 |
---------------+----------------------------+-----
Fighting       | 2 3 4 5 |  5.0
Unarmed Combat | 4 5 6 7 |  7.6
Spellcasting   | 3 4 6 |  6.4
Transmutations | 3 4 5 6 |  6.2
Ice Magic      | 1 |  1.1
Dodging        | |  2.0
Poison Magic   | |  0.8

Action                   |  1- 3 |  4- 6 |  7- 9 || total
-------------------------+-------+-------+-------++-------
Melee: Unarmed           |    85 |    56 |   153 ||   294
       Tentacles         |    15 |     3 |     5 ||    23
       Constrict         |    15 |     8 |     6 ||    29
       Kick              |    18 |     3 |     4 ||    25
       Punch             |     2 |     1 |     3 ||     6
 Cast: Beastly Appendage |    23 |     5 |     4 ||    32
       Spider Form       |     1 |     1 |     1 ||     3
       Wereblood         |       |     2 |     2 ||     4
       Ice Form          |       |     1 |    15 ||    16
Invok: Curse Item        |       |       |     1 ||     1
  Use: Scroll            |     6 |     2 |    12 ||    20
 Stab: Sleeping          |     6 |     2 |     1 ||     9
Armor: Skin              |    10 |     7 |    22 ||    39
Dodge: Dodged            |    60 |    42 |    84 ||   186

Table legend: (Time is in decaauts)
 A = Elapsed time spent in this place.
 B = Non-inter-level travel time spent in this place.
 C = Inter-level travel time spent in this place.
 D = Time resting spent in this place.
 E = Time spent auto-exploring this place.
 F = Levels seen in this place.
 G = Mean time per level.
                   A        B        C        D        E       F      G
               +--------+--------+--------+--------+--------+-----+--------+
         Total |   7750 |   7540 |    210 |   1020 |   5372 |   7 | 1107.1 |
       Dungeon |   7670 |   7484 |    186 |   1020 |   5324 |   6 | 1278.3 |
        Temple |     79 |     55 |     24 |      0 |     48 |   1 |   79.0 |
               +--------+--------+--------+--------+--------+-----+--------+

Top non-repeatable levels by time:
     D:4: 1704 daAuts
     D:3: 1493 daAuts
     D:1: 1378 daAuts
     D:5: 1210 daAuts
     D:6: 1082 daAuts
     D:2: 800 daAuts
  Temple: 79 daAuts
